 Dungeon Crawl Stone Soup version 0.21.1-1-g345015fe64 (webtiles) character file.

9177 HypnoRock the Fencer (level 11, -7/79 HPs)
             Began as a Barachi Fighter on June 28, 2018.
             Was the Champion of Cheibriados.
             Mangled by an eight-headed hydra (11 damage)
             ... on level 11 of the Dungeon.
             The game lasted 01:38:59 (10981 turns).

HypnoRock the Fencer (Barachi Fighter)             Turns: 10981, Time: 01:38:59

Health: -7/79      AC: 24    Str: 48    XL:     11   Next: 42%
Magic:  11/11      EV: 12    Int: 24    God:    Cheibriados [******]
Gold:   369        SH: 14    Dex: 30    Spells: 10/10 levels left

rFire    . . .     SeeInvis .   W - +0 flail of the Tomato {protect, rPois rC+ Str+8}
rCold    + + .     Gourm    .   r - +0 shield
rNeg     + . .     Faith    .   s - +3 chain mail
rPois    +         Spirit   .   u - +1 hat
rElec    .         Reflect  .   (no cloak)
rCorr    .         Harm     .   (no gloves)
MR       ++...                  J - +1 pair of boots
Stlth    ..........             F - macabre finger necklace {rN+}
HPRegen  0.23/turn              m - ring of protection from magic
MPRegen  0.12/turn              I - ring "Qoocser" {MR+ Dex+3}
                                L - ring of protection from cold

@: mighty, about to teleport, protection aura, very slightly contaminated,
invisible, very slow
A: +LOS, swims, slowness 1, strong legs 1
a: Hop, Bend Time, Temporal Distortion, Slouch, Step From Time, Renounce
Religion


You were on level 11 of the Dungeon.
You worshipped Cheibriados.
Cheibriados was exalted by your worship.
You were not hungry.

You visited 2 branches of the dungeon, and saw 12 of its levels.
You also visited: Ossuary.

You collected 652 gold pieces.
You spent 283 gold pieces at shops.

Inventory:

Hand Weapons
 p - a +2 long sword of slicing
 D - a +1 falchion of electrocution
 O - a +5 great sword
 S - a +2 dire flail of freezing
 U - a +1 demon blade of electrocution
 W - the +0 flail of the Tomato (weapon) {protect, rPois rC+ Str+8}
   (You found it on level 9 of the Dungeon)

   It protects the one who uses it against injury (+AC on strike).
   It affects your strength (+8).
   It protects you from cold.
   It protects you from poison.
Missiles
 j - 256 stones (quivered)
 n - 4 exploding tomahawks
 w - 2 throwing nets
Armour
 c - a +0 shield
 i - a +1 buckler
 r - a +0 shield (worn)
 s - a +3 chain mail (worn)
 t - a +0 plate armour
 u - a +1 hat (worn)
 J - a +1 pair of boots (worn)
Jewellery
 m - a ring of protection from magic (left hand)
 y - an uncursed ring of ice
 F - the macabre finger necklace (around neck) {rN+}
   (You found it on level 5 of the Dungeon)

   [amulet of nothing]

   It protects you from negative energy.
 I - the ring "Qoocser" (right hand) {MR+ Dex+3}
   (You bought it in a shop on level 5 of the Dungeon)

   [ring of dexterity]

   It affects your dexterity (+3).
   It affects your resistance to hostile enchantments.
 L - a ring of protection from cold (on amulet)
Wands
 q - a wand of paralysis (2)
 K - a wand of flame (42)
 T - a wand of acid (9)
 X - a wand of digging (11)
Scrolls
 b - 2 scrolls of identify
 g - a scroll of magic mapping
 h - 4 scrolls of teleportation
 v - 11 scrolls of amnesia
 C - 11 scrolls of remove curse
 N - a scroll of blinking
Potions
 a - 2 potions of berserk rage {unknown}
 d - a potion of might
 e - 3 potions of curing
 k - 3 potions of invisibility
 l - 4 potions of heal wounds
 o - 3 potions of brilliance
 z - a potion of agility {unknown}
 A - a potion of lignification
 B - a potion of cancellation {unknown}
 E - a potion of resistance {unknown}
 P - a potion of mutation {unknown}
 R - 2 potions of flight
Books
 H - Sif Muna's Grimoire of Protection
   (You found it on level 5 of the Dungeon)

   Spells                             Type                      Level
   a - Infusion                       Charms                       1
Comestibles
 f - 26 rations


   Skills:
 - Level 5.0 Fighting
 - Level 16.0 Long Blades
 + Level 4.4 Maces & Flails
 - Level 5.0 Throwing
 - Level 8.0 Armour
 - Level 4.0 Dodging
 - Level 4.0 Shields


You had 10 spell levels left.
You didn't know any spells.

Dungeon Overview and Level Annotations

Branches:
Dungeon (11/15)            Temple (0/1) D:4            Lair (0/6) D:11
    Orc (1/2) D:10

Altars:
Ashenzari
Cheibriados
Fedhas
Sif Muna
Uskayaw
Xom
The Shining One

Shops:
D:5 =


Innate Abilities, Weirdness & Mutations

Shadows flee at your approach. (+LOS)
You can swim through water.
You cover ground slowly.
You can hop short distances.


Message History

The eight-headed hydra bites you.
* * * LOW HITPOINT WARNING * * *
The eight-headed hydra barely misses you.
You are very lightly contaminated with residual magic.
You sock the eight-headed hydra!
The eight-headed hydra is severely wounded.
The ice devil hits you but does no damage.
You block the eight-headed hydra's attack.
The eight-headed hydra bites you but does no damage.
You block the eight-headed hydra's attack.
The eight-headed hydra barely misses you. x2
The eight-headed hydra closely misses you.
You block the eight-headed hydra's attack.
The eight-headed hydra bites you but does no damage.
The ice devil hits you but does no damage.
You catch the helpless eight-headed hydra completely off-guard!
You bludgeon the eight-headed hydra!!
The eight-headed hydra is almost dead.
The eight-headed hydra bites you!
You die...

#..........P.P....PP.P..
#...........P.P..PPP.P..
#####.........P..P..P.PPPPP.
..............P..P..P.PPPP.
#.............PP.. .PP.
#................. P...
#..........=...... P..
#.........D.......
+.....##.@..####..
#.....###4#+# ####.....# #..
#....# .........# ##.#
#....# .........# .# #....#
.........# .. ##....#
.........# .. #.....# ###
.........# ... #.....# #..
.........# ... #.....####..


You could see an eight-headed hydra and an ice devil.

Vanquished Creatures
  An ugly thing (D:11)
  An orc sorcerer (Orc:1)
  Psyche (D:8)
  A merfolk (D:10)
  A hippogriff (D:7)
  Sigmund (D:4)
  2 yaks (D:11)
  A vampire (D:10)
  3 hungry ghosts
  3 porcupines (D:11)
  3 orc warriors
  2 black bears
  3 ice beasts
  5 sky beasts
  5 ogres
  A phantom (D:5)
  8 centaurs
  The ghost of gorpus the Changer, an amateur OpTm (D:4)
  2 crocodiles
  3 big kobolds
  5 bullfrogs
  A wyvern skeleton (D:7)
  A water moccasin skeleton (D:10)
  16 wights
  2 scorpions
  5 howler monkeys
  6 crimson imps
  8 hounds
  7 bullfrog zombies
  3 centaur zombies
  2 bullfrog skeletons
  A quasit (D:7)
  A centaur skeleton (D:8)
  2 orc priests
  2 jellies
  10 orc wizards
  4 iguanas
  7 worker ants
  3 hound zombies (Ossuary)
  12 mummies (Ossuary)
  2 hound skeletons
  2 howler monkey zombies (Ossuary)
  A worker ant zombie (Ossuary)
  4 gnolls (D:6)
  14 adders
  A howler monkey skeleton (D:4)
  A white imp (D:6)
  An ooze (D:2)
  2 adder zombies
  2 adder skeletons
  3 worms
  2 dart slugs
  4 leopard geckos
  37 orcs
  2 ball pythons (D:3)
  8 giant cockroaches
  11 goblins
  10 hobgoblins
  20 jackals
  5 quokkas
  11 bats
  3 frilled lizards
  A giant cockroach zombie (Ossuary)
  A goblin zombie (D:7)
  4 hobgoblin zombies (D:6)
  A jackal skeleton (D:6)
  A jackal zombie (Ossuary)
  20 kobolds
  A kobold skeleton (D:6)
  A kobold zombie (D:6)
  A leopard gecko skeleton (D:4)
  2 leopard gecko zombies (Ossuary)
  An orc zombie (D:6)
  2 quokka skeletons
  3 quokka zombies
  15 rats
346 creatures vanquished.

Vanquished Creatures (others)
  22 fungi (D:11)
  10 plants (D:11)
32 creatures vanquished.

Grand Total: 378 creatures vanquished

Notes
Turn   | Place    | Note
-------+----------+-------------------------------------------
     0 | D:1      | HypnoRock the Barachi Fighter began the quest for the Orb.
     0 | D:1      | Reached XP level 1. HP: 18/18 MP: 1/1
    84 | D:1      | Reached skill level 3 in Long Blades
   167 | D:1      | Reached XP level 2. HP: 24/24 MP: 2/2
   534 | D:1      | Reached XP level 3. HP: 24/29 MP: 3/3
  1068 | D:2      | Found a shattered altar of Ashenzari.
  1092 | D:2      | Reached skill level 4 in Long Blades
  1176 | D:2      | Found a shimmering altar of Xom.
  1366 | D:2      | Reached XP level 4. HP: 36/36 MP: 4/4
  1639 | D:2      | Reached skill level 5 in Long Blades
  1898 | D:3      | Found a snail-covered altar of Cheibriados.
  1901 | D:3      | Became a worshipper of Cheibriados the Contemplative
  1958 | D:3      | Reached XP level 5. HP: 40/41 MP: 5/5
  2028 | D:3      | Reached skill level 6 in Long Blades
  2178 | D:3      | Found a faded altar of an unknown god.
  2272 | D:3      | Reached * piety under Cheibriados
  2663 | D:4      | Reached skill level 7 in Long Blades
  2663 | D:4      | Reached XP level 6. HP: 45/47 MP: 6/6
  2683 | D:4      | Noticed gorpus's ghost (amateur OpTm)
  2989 | D:4      | Noticed Sigmund
  2996 | D:4      | Killed Sigmund
  2996 | D:4      | Reached skill level 8 in Long Blades
  2996 | D:4      | Reached XP level 7. HP: 52/52 MP: 7/7
  3026 | D:4      | Killed gorpus's ghost
  3026 | D:4      | Reached ** piety under Cheibriados
  3026 | D:4      | Reached skill level 9 in Long Blades
  3057 | D:4      | Found a staircase to the Ecumenical Temple.
  3584 | D:5      | Entered Level 5 of the Dungeon
  3642 | D:5      | Found the macabre finger necklace {rN+}
  3644 | D:5      | Found a blossoming altar of Fedhas.
  3692 | D:5      | Reached skill level 10 in Long Blades
  3872 | D:5      | Reached XP level 8. HP: 59/59 MP: 8/8
  3951 | D:5      | Reached *** piety under Cheibriados
  4170 | D:5      | Found Icevaroa's Jewellery Shop.
  4173 | D:5      | Bought the ring "Qoocser" {MR+ Dex+3} for 283 gold pieces
  4431 | D:5      | Reached skill level 5 in Fighting
  4624 | D:5      | Found a deep blue altar of Sif Muna.
  4646 | D:5      | Identified Sif Muna's Grimoire of Protection
  4789 | D:6      | Found a hide-covered altar of Uskayaw.
  4926 | D:6      | Reached skill level 11 in Long Blades
  5238 | D:6      | Found a glowing golden altar of the Shining One.
  5263 | D:6      | Reached **** piety under Cheibriados
  5331 | D:6      | Reached XP level 9. HP: 67/68 MP: 9/9
  5417 | D:6      | Reached skill level 12 in Long Blades
  5739 | D:6      | Found a glowing golden altar of the Shining One.
  5814 | D:7      | Reached skill level 13 in Long Blades
  6071 | D:7      | Found a sand-covered staircase.
  6152 | Ossuary  | Entered an ossuary
  6189 | Ossuary  | Reached ***** piety under Cheibriados
  6224 | Ossuary  | Reached skill level 14 in Long Blades
  6355 | Ossuary  | Reached skill level 5 in Armour
  6498 | Ossuary  | Reached XP level 10. HP: 70/74 MP: 10/10
  6843 | D:7      | Reached skill level 5 in Throwing
  7561 | D:8      | Reached ****** piety under Cheibriados
  7605 | D:8      | Noticed Psyche
  7610 | D:8      | Killed Psyche
  7610 | D:8      | Reached skill level 1 in Dodging
  8500 | D:9      | Got a dazzling flail
  9386 | D:10     | Entered Level 10 of the Dungeon
  9418 | D:10     | Reached skill level 15 in Long Blades
  9428 | D:10     | Reached XP level 11. HP: 77/79 MP: 11/11
  9638 | D:10     | Found a staircase to the Orcish Mines.
  9643 | Orc:1    | Entered Level 1 of the Orcish Mines
  9643 | Orc:1    | Noticed an orc sorcerer
  9656 | Orc:1    | Killed an orc sorcerer
 10368 | D:11     | Noticed a five-headed hydra
 10391 | D:11     | Reached skill level 16 in Long Blades
 10525 | D:11     | Reached skill level 1 in Maces & Flails
 10544 | D:11     | Found a staircase to the Lair.
 10628 | D:11     | Noticed a purple ugly thing
 10638 | D:11     | Killed a purple ugly thing
 10811 | D:11     | Identified the cursed +0 flail of the Tomato {protect, rPois rC+ Str+8} (You found it on level 9 of the Dungeon)
 10981 | D:11     | Mangled by an eight-headed hydra

Skill      XL: |  1  2  3  4  5  6  7  8  9 10 11 |
---------------+----------------------------------+-----
Long Blades    | 3 4 5 7 8 10 11 14 15 16 | 16.0
Shields        | 4 |  4.0
Throwing       | 3 4 5 |  5.0
Fighting       | 5 |  5.0
Armour         | 5 8 |  8.0
Dodging        | 4 |  4.0
Maces & Flails | 4 |  4.4

Action                   |  1- 3 |  4- 6 |  7- 9 | 10-12 || total
-------------------------+-------+-------+-------+-------++-------
Melee: Long sword        |   133 |   172 |   337 |   124 ||   766
       Demon blade       |       |       |       |   191 ||   191
       Flail             |       |       |       |    25 ||    25
Throw: Stone             |    11 |       |   229 |   168 ||   408
Invok: Slouch            |       |       |     1 |       ||     1
 Abil: Hop               |       |       |     4 |     3 ||     7
Evoke: Wand              |       |     1 |     2 |       ||     3
  Use: Scroll            |     4 |     8 |     9 |     9 ||    30
       Potion            |       |       |       |     6 ||     6
 Stab: Paralysed         |       |     3 |       |       ||     3
       Invisible         |       |       |       |     1 ||     1
  Eat: Chunk             |     2 |     5 |     6 |     7 ||    20
       Ration            |       |       |       |     2 ||     2
Armor: Scale mail        |    33 |       |       |       ||    33
       Chain mail        |    43 |    84 |   125 |   137 ||   389
Dodge: Dodged            |    68 |    59 |    73 |   112 ||   312
Block: Buckler           |    29 |    44 |    73 |    68 ||   214
       Shield            |       |       |       |   113 ||   113
       Rpst.: Long sword |    18 |    19 |    18 |     5 ||    60
       Demon blade       |       |       |       |    12 ||    12
